 Dungeon Crawl Stone Soup version 0.32-a0-30-gefbe487952 (webtiles) character file.

Game seed: 2778139660840307022

306 PriceMaster the Firebug (level 6, -15/38 HPs)
             Began as an Octopode Fire Elementalist on Jan 20, 2024.
             Demolished by an ogre
             ... wielding a +0 giant club
              (23 damage)
             ... on level 4 of the Dungeon.
             The game lasted 00:06:19 (2967 turns).

PriceMaster the Firebug (OpFE)                      Turns: 2967, Time: 00:06:19

Health: -15/38     AC:  1    Str:  8    XL:     6   Next: 39%
Magic:  4/10       EV: 13    Int: 19    God:
Gold:   152        SH:  0    Dex: 12    Spells: 5/11 levels left

rFire   . . .        b - +0 dagger
rCold   + . .        (no shield)
rNeg    . . .        (helmet restricted)
rPois   .            (no amulet)
rElec   .            m - ring of ice
rCorr   .            n - ring of protection from fire
SInv    .            (no ring)
Will    .....        (no ring)
Stlth   +++          (no ring)
HPRegen 0.26/turn    (no ring)
MPRegen 0.12/turn    (no ring)
                     (no ring)

%: no passive effects
@: no status effects
A: almost no armour, amphibious, 8 rings, camouflage 1, gelatinous body 1,
(nimble swimmer 1), tentacles
a: no special abilities


You were on level 4 of the Dungeon.
You visited 1 branch of the dungeon, and saw 4 of its levels.

You collected 246 gold pieces.
You spent 94 gold pieces at shops.

Inventory:

Hand Weapons
 b - a +0 dagger (weapon)
Armour
 g - a +0 kite shield
Jewellery
 m - a ring of ice (left tentacle)
 n - a ring of protection from fire (right tentacle)
Wands
 p - a wand of roots (6)
Scrolls
 c - a scroll of noise {unknown}
 e - a scroll of summoning {unknown}
 f - 4 scrolls of identify {unknown}
 h - 2 scrolls of enchant armour {unknown}
 j - a scroll of poison {unknown}
 k - a scroll of immolation {unknown}
 l - 2 scrolls of amnesia {unknown}
 o - a scroll of blinking {unknown}
Potions
 a - a potion of magic
 d - a potion of heal wounds
 i - a potion of brilliance {unknown}
 q - a potion of degeneration {unknown}


   Skills:
 + Level 1.3 Fighting
 + Level 0.8 Short Blades
 + Level 3.2 Dodging
 + Level 3.3 Stealth
 + Level 0.1 Shields
 - Level 1.2 Unarmed Combat
 + Level 3.3 Spellcasting
 + Level 2.0 Conjurations
 + Level 4.4 Fire Magic


You had 5 spell levels left.
You knew the following spells:

 Your Spells              Type           Power      Damage    Failure   Level
a - Foxfire               Conj/Fire      60%        2x1d7     4%          1
b - Scorch                Fire           38%        2d6       3%          2
c - Inner Flame           Hex/Fire       11%        N/A       19%         3

Your spell library contained the following spells:

 Spells                   Type           Power      Damage    Failure   Level
 Volatile Blastmotes      Fire/Tloc      22%        2d11      19%         3
 Flame Wave               Conj/Fire      15%        2d7       36%         4


Dungeon Overview and Level Annotations

Branches:
Dungeon (4/15)
 Temple: D:4-7

Altars:
Zin

Shops:
D:1 ?   D:2 [!=:


Innate Abilities, Weirdness & Mutations

You cannot wear most types of armour.
You are amphibious.
You can wear up to eight rings at the same time.
Your skin changes colour to match your surroundings (Stealth+).
Your rubbery body absorbs attacks. (AC +1, EV +1)
((You are camouflaged when in or above water. (Stealth+)))
You have tentacles for arms and can constrict up to eight enemies at once.


Message History

Found a stone staircase leading down.
You now have 152 gold pieces (gained 9).
Found an escape hatch in the floor.
Found 4 stones.
You open the door.
A goblin and an ogre come into view.
The ogre shouts!
There are monsters nearby!
Casting: Scorch (safe; 3% risk of failure)
Press: ? - help, Q - select action, (/) - cycle Dir - look around, f - activate
Okay, then.
Casting: Scorch (safe; 3% risk of failure)
Confirm with . or Enter, or press ? or * to list all spells.
Flames lash the goblin.
You kill the goblin!
Casting: Scorch (safe; 3% risk of failure)
Confirm with . or Enter, or press ? or * to list all spells.
Flames lash the ogre.
The ogre is lightly wounded.
The ogre's fire resistance burns away.
Casting: Scorch (safe; 3% risk of failure)
Confirm with . or Enter, or press ? or * to list all spells.
You conjure some foxfire!
The ogre hits you with a +0 giant club!!
Ouch! That really hurt!
Casting: Foxfire (safe; 4% risk of failure)
Confirm with . or Enter, or press ? or * to list all spells.
You conjure some foxfire!
The foxfire hits the ogre.
The ogre is burned terribly!
The ogre is moderately wounded.
The foxfire hits the ogre.
The ogre is heavily wounded.
Your foxfire dissipates!
The ogre is no longer more vulnerable to fire.
The ogre attacks as it pursues you! The ogre hits you with a +0 giant club!
* * * LOW HITPOINT WARNING * * *
The ogre attacks as it pursues you!
The ogre hits you with a +0 giant club!!
Ouch! That really hurt!
You die...

....# ....##
....## )...# ...
##+#######'####...
..................
#..#.###O.##..##..
#.##.@.###.#
#.(........# #
#.####.######## .#
#.......>......
###.#
######.######.#
....#### ##..#
........ #..##
........ ##.##
........ #..#


You could see an ogre.

Vanquished Creatures
  A scorpion (D:2)
  Natasha (thrice) (D:2)
  An iguana (D:3)
  3 adders
  3 gnolls (D:3)
  3 dart slugs
  4 ribbon worms
  4 orcs (D:3)
  13 ball pythons
  5 endoplasms
  2 giant cockroaches
  4 goblins
  2 hobgoblins
  6 jackals
  5 kobolds (D:1)
  2 quokkas (D:3)
  5 bats
  7 frilled lizards (D:1)
  7 rats
80 creatures vanquished.

Vanquished Creatures (others)
  127 foxfires
127 creatures vanquished.

Grand Total: 207 creatures vanquished

Notes
Turn   | Place    | Note
-------+----------+-------------------------------------------
     0 | D:1      | PriceMaster the Octopode Fire Elementalist began the quest
                  | for the Orb.
     0 | D:1      | Reached XP level 1. HP: 11/11 MP: 3/3
    76 | D:1      | Reached XP level 2. HP: 15/17 MP: 3/5
   267 | D:1      | Found Besall's Magic Scroll Shop.
   547 | D:1      | Reached XP level 3. HP: 19/21 MP: 6/6
   947 | D:2      | Found Fovoseeg's Antique Armour Boutique.
   953 | D:2      | Bought a kite shield for 94 gold pieces
  1081 | D:2      | Noticed Natasha
  1086 | D:2      | Killed Natasha
  1087 | D:2      | Reached skill level 1 in Unarmed Combat
  1087 | D:2      | Reached XP level 4. HP: 27/27 MP: 1/7
  1148 | D:2      | Found Vurph's Jewellery Emporium.
  1150 | D:2      | Found Hoostruy's Book Shop.
  1204 | D:2      | Learned a level 2 spell: Scorch
  1384 | D:2      | Noticed a scorpion
  1397 | D:2      | Killed a scorpion
  1398 | D:2      | Reached skill level 4 in Fire Magic
  1398 | D:2      | Reached XP level 5. HP: 5/32 MP: 0/9
  1715 | D:2      | Noticed Natasha
  1716 | D:2      | Found Losmemow's Distillery.
  1722 | D:2      | Killed Natasha
  1797 | D:2      | Noticed Natasha
  1802 | D:2      | Killed Natasha
  1927 | D:3      | Found a glowing silver altar of Zin.
  1936 | D:3      | Reached skill level 1 in Fighting
  1936 | D:3      | Reached XP level 6. HP: 12/38 MP: 0/10
  2892 | D:3      | Learned a level 3 spell: Inner Flame
  2967 | D:4      | Demolished by an ogre

Illustrated notes

Levels and vault maps discovered:
D:1:      heliophobic_arrival_ceremonial_halls, layout_basic, serial_glass,
          glass_columns_a, glass_columns_b, glass_columns_b, glass_columns_a,
          glass_columns_a, glass_columns_a, glass_columns_a, glass_columns_b,
          serial_shops, shop, hex_tiny, st_stairs_1, minmay_misc_feat_encased,
          minmay_gold_behind_fungi, minmay_heptomino_h4
D:2:      layout_rooms, serial_shops, nicolae_shop_gaudy_bauble, shop,
          nicolae_shop_waterfront, nicolae_shop_tiny_statue_garden,
          minmay_misc_feat_five, grunt_ministairs_3, grunt_decor_mini_mirrors,
          chequers_serial_rivers_marsh, minmay_misc_feat_tiny,
          minmay_misc_feat_four_crosses, minmay_tiny_reverse_x, uniq_natasha
D:3:      layout_loops_cross, lemuel_crystal_altar, minivault_14,
          serial_bayou_pond_b, grunt_decor_arrowhead
D:4:      kennysheep_six_static_rooms, layout_basic,
          nicolae_overflow_hidden_temple, kennysheep_big_empty_room,
          minmay_quadrilaterals

Skill      XL: |  1  2  3  4  5  6 |
---------------+-------------------+-----
Stealth        | 3 |  3.3
Unarmed Combat | 1 |  1.2
Fire Magic     | 4 |  4.4
Spellcasting   | 3 |  3.3
Fighting       | 1 |  1.3
Dodging        | 3 |  3.2
Conjurations   | 2 |  2.0
Short Blades   | |  0.8
Shields        | |  0.1

Action                     |  1- 3 |  4- 6 || total
---------------------------+-------+-------++-------
  Melee: Unarmed           |    10 |       ||    10
         Constrict         |    17 |    12 ||    29
         Tentacles         |    14 |     8 ||    22
         Dagger            |    44 |    34 ||    78
         Punch             |     2 |       ||     2
   Cast: Foxfire           |    35 |    55 ||    90
         Scorch            |       |    17 ||    17
    Use: Potion            |       |     2 ||     2
   Stab: Sleeping          |     1 |     5 ||     6
         Distracted        |     1 |       ||     1
 Armour: Skin              |    29 |    28 ||    57
  Dodge: Dodged            |    40 |    28 ||    68
  Block: Kite shield       |     4 |       ||     4

Table legend: (Time is in decaauts)
 A = Elapsed time spent in this place.
 B = Non-inter-level travel time spent in this place.
 C = Inter-level travel time spent in this place.
 D = Time resting spent in this place.
 E = Time spent auto-exploring this place.
 F = Levels seen in this place.
 G = Mean time per level.
                   A        B        C        D        E       F      G
               +--------+--------+--------+--------+--------+-----+--------+
         Total |   2964 |   2912 |     52 |    156 |   2278 |   4 |  741.0 |
       Dungeon |   2964 |   2912 |     52 |    156 |   2278 |   4 |  741.0 |
               +--------+--------+--------+--------+--------+-----+--------+

Top non-repeatable levels by time:
     D:2: 1070 daAuts
     D:3: 986 daAuts
     D:1: 855 daAuts
     D:4: 52 daAuts
